TOP OF THE 1ST |
North Carolina State Wolfpack batting - Pitching for South Carolina Gamecocks : RHP Julián Freitas
|
Pitching: RHP Julián Freitas
|
|
Batting: LHB Steven Gregory
|
0-0: Ball 1-0: Bunt for hit - play at first, batter safe!
|
Batting: LHB Nick Henderson
|
0-0: Fly out, F7 (Flyball, 7LS)
|
Batting: LHB Ramón Quintanilla
|
0-0: Ball Wild Pitch! Steven Gregory to second 1-0: Foul Ball, location: 2F 1-1: Called Strike 1-2: Foul Ball, location: 2F 1-2: Fly out, F1 (Popup, P)
|
Batting: RHB Ronald McMillan
|
0-0: Swinging Strike 0-1: Ground out 6-3 (Groundball, 6)
|
Top of the 1st over - 0 runs, 1 hit, 0 errors, 1 left on base; North Carolina State 0 - South Carolina 0 |
BOTTOM OF THE 1ST |
South Carolina Gamecocks batting - Pitching for North Carolina State Wolfpack : RHP Mario Pérez
|
Pitching: RHP Mario Pérez
|
|
Batting: LHB Ed Nelson
|
0-0: Foul Ball, location: 2F 0-1: Ball 1-1: Ball 2-1: Ball 3-1: Called Strike 3-2: Base on Balls
|
Batting: LHB Eric Martin
|
0-0: Ball 1-0: Ball 2-0: Ball 3-0: Called Strike 3-1: Grounds into double play, 6-4-3 (Groundball, 6)
|
Batting: RHB Michael Walker
|
0-0: Swinging Strike 0-1: Swinging Strike 0-2: Strikes out swinging
|
Bottom of the 1st over - 0 runs, 0 hits, 0 errors, 0 left on base; North Carolina State 0 - South Carolina 0 |
TOP OF THE 2ND |
North Carolina State Wolfpack batting - Pitching for South Carolina Gamecocks : RHP Julián Freitas
|
Batting: LHB Ryan Cook
|
0-0: Swinging Strike 0-1: Foul Ball, location: 2F 0-2: Ball 1-2: Strikes out swinging
|
Batting: RHB Chris Seals
|
0-0: Called Strike 0-1: Ball 1-1: DOUBLE (Groundball, 5L)
|
Batting: SHB Mark Hendree
|
0-0: Ball 1-0: Ball 2-0: Called Strike 2-1: Ball 3-1: Called Strike 3-2: Strikes out swinging
|
Batting: LHB Trent Harper
|
0-0: Called Strike 0-1: Swinging Strike 0-2: SINGLE (Line Drive, 5D) Chris Seals to third Runner from 3rd tries for Home, SAFE, no throw
|
Batting: LHB Garrett Roberson
|
0-0: Swinging Strike 0-1: Fielders Choice at 2nd, 6-4 (Groundball, 6)
|
Top of the 2nd over - 1 run, 2 hits, 0 errors, 1 left on base; North Carolina State 1 - South Carolina 0 |
BOTTOM OF THE 2ND |
South Carolina Gamecocks batting - Pitching for North Carolina State Wolfpack : RHP Mario Pérez
|
Batting: RHB Gerardo Gallegos
|
0-0: Called Strike 0-1: Swinging Strike 0-2: Foul Ball, location: 2F 0-2: Ball 1-2: Ball 2-2: Ground out 6-3 (Groundball, 6)
|
Batting: RHB Reggie Gordon
|
0-0: Foul Ball, location: 2F 0-1: Called Strike 0-2: Ball 1-2: Strikes out swinging
|
Batting: RHB Josh Brookshire
|
0-0: Foul Ball, location: 2F 0-1: Fly out, F7 (Flyball, 78M)
|
Bottom of the 2nd over - 0 runs, 0 hits, 0 errors, 0 left on base; North Carolina State 1 - South Carolina 0 |
TOP OF THE 3RD |
North Carolina State Wolfpack batting - Pitching for South Carolina Gamecocks : RHP Julián Freitas
|
Batting: LHB Steven Gregory
|
0-0: Bunt for hit - play at first, batter OUT! 5-3
|
Batting: LHB Nick Henderson
|
0-0: Ball 1-0: Called Strike 1-1: Called Strike 1-2: Ground out 6-3 (Groundball, 6)
|
Batting: LHB Ramón Quintanilla
|
0-0: Foul Ball, location: 2F 0-1: Ball 1-1: Swinging Strike 1-2: Foul Ball, location: 2F 1-2: Ball 2-2: Ball 3-2: Foul Ball, location: 2F 3-2: Base on Balls
|
Batting: RHB Ronald McMillan
|
0-0: Called Strike 0-1: Foul Ball, location: 2F 0-2: Ball 1-2: Strikes out swinging
|
Top of the 3rd over - 0 runs, 0 hits, 0 errors, 1 left on base; North Carolina State 1 - South Carolina 0 |
BOTTOM OF THE 3RD |
South Carolina Gamecocks batting - Pitching for North Carolina State Wolfpack : RHP Mario Pérez
|
Batting: RHB Ed Young
|
0-0: Ball 1-0: Foul Ball, location: 2F 1-1: SOLO HOME RUN (Flyball, 78XD), Distance : 391 ft
|
Batting: RHB Jorge Cortéz
|
0-0: Ground out U3 (Groundball, 3)
|
Batting: LHB Jorge Merced
|
0-0: DOUBLE (Line Drive, 89D)
|
Batting: LHB Ed Nelson
|
0-0: DOUBLE (Line Drive, 89D) Jorge Merced scores
|
Batting: LHB Eric Martin
|
0-0: Called Strike 0-1: Called Strike 0-2: Foul Ball, location: 2F 0-2: Ball 1-2: Ball 2-2: Foul Ball, location: 2F 2-2: Strikes out looking
|
Batting: RHB Michael Walker
|
0-0: Swinging Strike 0-1: Ball 1-1: Ball 2-1: Ball 3-1: Base on Balls
|
Batting: RHB Gerardo Gallegos
|
0-0: Called Strike 0-1: Swinging Strike 0-2: Foul Ball, location: 2F 0-2: Ball 1-2: Ball 2-2: Fly out, F6 (Line Drive, 6)
|
Bottom of the 3rd over - 2 runs, 3 hits, 0 errors, 2 left on base; North Carolina State 1 - South Carolina 2 |
TOP OF THE 4TH |
North Carolina State Wolfpack batting - Pitching for South Carolina Gamecocks : RHP Julián Freitas
|
Batting: LHB Ryan Cook
|
0-0: Foul Ball, location: 2F 0-1: Called Strike 0-2: Fly out, F9 (Flyball, 89M)
|
Batting: RHB Chris Seals
|
0-0: Ball 1-0: Called Strike 1-1: Ball 2-1: SINGLE (Line Drive, 7LS)
|
Batting: SHB Mark Hendree
|
0-0: Ball 1-0: Foul Ball, location: 2F 1-1: Foul Ball, location: 2F 1-2: Strikes out swinging
|
Batting: LHB Trent Harper
|
0-0: Called Strike 0-1: Ball 1-1: Ball Wild Pitch! Chris Seals to second 2-1: Ground out 5-3 (Groundball, 56D)
|
Top of the 4th over - 0 runs, 1 hit, 0 errors, 1 left on base; North Carolina State 1 - South Carolina 2 |
BOTTOM OF THE 4TH |
South Carolina Gamecocks batting - Pitching for North Carolina State Wolfpack : RHP Mario Pérez
|
Batting: RHB Reggie Gordon
|
0-0: Ball 1-0: Swinging Strike 1-1: Foul Ball, location: 2F 1-2: Foul Ball, location: 2F 1-2: Ball 2-2: Ball 3-2: Base on Balls
|
Batting: RHB Josh Brookshire
|
0-0: Swinging Strike 0-1: Ball 1-1: Ball 2-1: Foul Ball, location: 2F 2-2: Foul Ball, location: 2F 2-2: Foul Ball, location: 2F 2-2: Foul Ball, location: 2F 2-2: Fielders Choice at 2nd, 5-4 (Groundball, 56)
|
Batting: RHB Ed Young
|
0-0: Ball 1-0: Swinging Strike 1-1: TRIPLE (Flyball, 9LD) Josh Brookshire scores
|
Batting: RHB Jorge Cortéz
|
0-0: Ball 1-0: Called Strike 1-1: Ground out 5-3 (Groundball, 56) Ed Young scores
|
Batting: LHB Jorge Merced
|
0-0: Hit by Pitch
|
Batting: LHB Ed Nelson
|
0-0: Ball 1-0: Ball 2-0: Ball 3-0: Base on Balls Jorge Merced to second
|
Pitching: RHP Shawn Shipe
|
|
Batting: LHB Eric Martin
|
0-0: Ball 1-0: Ball 2-0: Foul Ball, location: 2F 2-1: Fly out, F7 (Flyball, 7S)
|
Bottom of the 4th over - 2 runs, 1 hit, 0 errors, 2 left on base; North Carolina State 1 - South Carolina 4 |
TOP OF THE 5TH |
North Carolina State Wolfpack batting - Pitching for South Carolina Gamecocks : RHP Julián Freitas
|
Batting: LHB Garrett Roberson
|
0-0: Ball 1-0: Foul Ball, location: 2F 1-1: Swinging Strike 1-2: Strikes out swinging
|
Batting: LHB Steven Gregory
|
0-0: Swinging Strike 0-1: Ball 1-1: Swinging Strike 1-2: Strikes out looking
|
Batting: LHB Nick Henderson
|
0-0: Called Strike 0-1: SINGLE (Groundball, 3S) (infield hit)
|
Batting: LHB Ramón Quintanilla
|
0-0: Ball 1-0: Ball 2-0: Ball 3-0: Called Strike 3-1: Foul Ball, location: 2F 3-2: Foul Ball, location: 2F 3-2: Base on Balls Nick Henderson to second
|
Batting: RHB Ronald McMillan
|
0-0: Swinging Strike 0-1: Ball 1-1: Called Strike 1-2: Ball Wild Pitch! Nick Henderson to third Ramón Quintanilla to second 2-2: Ball 3-2: Strikes out looking
|
Top of the 5th over - 0 runs, 1 hit, 0 errors, 2 left on base; North Carolina State 1 - South Carolina 4 |
BOTTOM OF THE 5TH |
South Carolina Gamecocks batting - Pitching for North Carolina State Wolfpack : RHP Shawn Shipe
|
Batting: RHB Michael Walker
|
0-0: Ball 1-0: Called Strike 1-1: Ball 2-1: Swinging Strike 2-2: Ball 3-2: Base on Balls
|
Batting: RHB Gerardo Gallegos
|
0-0: Called Strike 0-1: Hit by Pitch Michael Walker to second
|
Batting: RHB Reggie Gordon
|
0-0: Fly out, F9 (Flyball, 9S)
|
Batting: RHB Josh Brookshire
|
0-0: Called Strike 0-1: Ball 1-1: Swinging Strike 1-2: SINGLE (Flyball, 8LS) Michael Walker to third Gerardo Gallegos to second Runner from 3rd tries for Home, SAFE, no throw
|
Batting: RHB Ed Young
|
0-0: Called Strike 0-1: Fielders Choice at 2nd, 3-6 (Groundball, 34) Gerardo Gallegos to third
|
Batting: RHB Jorge Cortéz
|
0-0: Called Strike 0-1: SINGLE (Groundball, 5D) Gerardo Gallegos scores Ed Young to second
|
Batting: LHB Jorge Merced
|
0-0: Called Strike 0-1: Ball 1-1: Swinging Strike 1-2: Ball 2-2: Ball 3-2: Base on Balls Ed Young to third Jorge Cortéz to second
|
Pitching: LHP Mark Parker
|
|
Batting: LHB Ed Nelson
|
0-0: Called Strike 0-1: Called Strike 0-2: Ball 1-2: Ball 2-2: Foul Ball, location: 2F 2-2: Ball 3-2: Reached on error, E4 (Groundball, 4) Ed Young scores Jorge Cortéz scores Jorge Merced to third
|
Batting: LHB Eric Martin
|
0-0: Ball 1-0: Ball 2-0: Foul Ball, location: 2F 2-1: Called Strike 2-2: Strikes out looking
|
Bottom of the 5th over - 4 runs, 2 hits, 1 error, 2 left on base; North Carolina State 1 - South Carolina 8 |
TOP OF THE 6TH |
North Carolina State Wolfpack batting - Pitching for South Carolina Gamecocks : RHP Julián Freitas
|
Pitching: RHP Ernesto Hernández
|
|
Batting: LHB Ryan Cook
|
0-0: Ball 1-0: Ball 2-0: Called Strike 2-1: Swinging Strike 2-2: Strikes out swinging
|
Batting: RHB Chris Seals
|
0-0: Called Strike 0-1: Ball 1-1: Foul Ball, location: 2F 1-2: Ball 2-2: Ball 3-2: SINGLE (Groundball, 34D)
|
Batting: SHB Mark Hendree
|
0-0: Ball 1-0: Swinging Strike 1-1: Ball 2-1: Ball 3-1: Foul Ball, location: 2F 3-2: Foul Ball, location: 2F 3-2: Strikes out looking
|
Batting: LHB Trent Harper
|
0-0: Foul Ball, location: 2F 0-1: Foul Ball, location: 2F 0-2: Ball 1-2: Foul Ball, location: 2F 1-2: Ball 2-2: Ball Chris Seals steals 2nd base 3-2: Base on Balls
|
Batting: LHB Garrett Roberson
|
0-0: Fly out, F7 (Flyball, 7S)
|
Top of the 6th over - 0 runs, 1 hit, 0 errors, 2 left on base; North Carolina State 1 - South Carolina 8 |
BOTTOM OF THE 6TH |
South Carolina Gamecocks batting - Pitching for North Carolina State Wolfpack : LHP Mark Parker
|
Batting: RHB Michael Walker
|
0-0: Called Strike 0-1: SINGLE (Groundball, 34D)
|
Batting: RHB Gerardo Gallegos
|
0-0: Ball 1-0: Foul Ball, location: 2F 1-1: Called Strike 1-2: Foul Ball, location: 2F 1-2: Fly out, F7 (Line Drive, 7)
|
Batting: RHB Reggie Gordon
|
0-0: Called Strike 0-1: DOUBLE (Line Drive, 78D) Michael Walker to third
|
Batting: RHB Josh Brookshire
|
0-0: Ball 1-0: 3-RUN HOME RUN (Flyball, 7D), Distance : 361 ft
|
Pitching: RHP Steve Harrison
|
|
Batting: RHB Ed Young
|
0-0: Ball 1-0: Foul Ball, location: 2F 1-1: Foul Ball, location: 2F 1-2: Ball 2-2: Foul Ball, location: 2F 2-2: Strikes out swinging
|
Batting: RHB Jorge Cortéz
|
0-0: Ball 1-0: Fly out, F7 (Line Drive, 7)
|
Bottom of the 6th over - 3 runs, 3 hits, 0 errors, 0 left on base; North Carolina State 1 - South Carolina 11 |
TOP OF THE 7TH |
North Carolina State Wolfpack batting - Pitching for South Carolina Gamecocks : RHP Ernesto Hernández
|
Batting: LHB Steven Gregory
|
0-0: Ball 1-0: Foul Ball, location: 2F 1-1: Fly out, F7 (Line Drive, 7)
|
Batting: LHB Nick Henderson
|
0-0: Called Strike 0-1: Ball 1-1: Called Strike 1-2: Ball 2-2: Ball 3-2: Fly out, F7 (Flyball, 7D)
|
Batting: LHB Ramón Quintanilla
|
0-0: Ball 1-0: Ball 2-0: Fly out, F7 (Flyball, 78D)
|
Top of the 7th over - 0 runs, 0 hits, 0 errors, 0 left on base; North Carolina State 1 - South Carolina 11 |
BOTTOM OF THE 7TH |
South Carolina Gamecocks batting - Pitching for North Carolina State Wolfpack : RHP Steve Harrison
|
Batting: LHB Jorge Merced
|
0-0: Ball 1-0: Ball 2-0: Called Strike 2-1: SINGLE (Flyball, 8RS)
|
Batting: LHB Ed Nelson
|
0-0: Ball 1-0: Ball 2-0: Ball 3-0: Base on Balls Jorge Merced to second
|
Batting: LHB Eric Martin
|
0-0: Foul Ball, location: 2F 0-1: 3-RUN HOME RUN (Flyball, 9LD), Distance : 329 ft
|
Pitching: RHP Chris Crews
|
|
Batting: RHB Michael Walker
|
0-0: Ball 1-0: Called Strike 1-1: Reached on error, E4 (Flyball, 4D)
|
Batting: RHB Gerardo Gallegos
|
0-0: Ball 1-0: Foul Ball, location: 2F 1-1: Called Strike 1-2: SINGLE (Line Drive, 78S) Michael Walker to second
|
Batting: RHB Reggie Gordon
|
0-0: Ball 1-0: Ball 2-0: Foul Ball, location: 2F 2-1: Called Strike 2-2: 3-RUN HOME RUN (Line Drive, 7LD), Distance : 328 ft
|
Batting: RHB Josh Brookshire
|
0-0: Ball 1-0: Ball 2-0: Ball 3-0: Called Strike 3-1: Base on Balls
|
Pitching: RHP Pat Schwartz
|
|
Batting: RHB Ed Young
|
0-0: Ball 1-0: Ball 2-0: Foul Ball, location: 2F 2-1: Foul Ball, location: 2F 2-2: Fly out, F8 (Flyball, 8RD)
|
Batting: RHB Jorge Cortéz
|
0-0: Ball 1-0: Called Strike 1-1: Ball 2-1: Foul Ball, location: 2F 2-2: Ball 3-2: Base on Balls Josh Brookshire to second
|
Batting: LHB Jorge Merced
|
0-0: Called Strike 0-1: Grounds into double play, 6-4-3 (Groundball, 6)
|
Bottom of the 7th over - 6 runs, 4 hits, 1 error, 1 left on base; North Carolina State 1 - South Carolina 17 |
TOP OF THE 8TH |
North Carolina State Wolfpack batting - Pitching for South Carolina Gamecocks : RHP Ernesto Hernández
|
Batting: RHB Ronald McMillan
|
0-0: Ball 1-0: Ball 2-0: Ball 3-0: Called Strike 3-1: Base on Balls
|
Batting: LHB Ryan Cook
|
0-0: Called Strike 0-1: Swinging Strike 0-2: Ball 1-2: Ball 2-2: Foul Ball, location: 2F 2-2: Foul Ball, location: 2F 2-2: Ball 3-2: Foul Ball, location: 2F 3-2: Strikes out looking
|
Batting: RHB Chris Seals
|
0-0: Called Strike 0-1: Ball 1-1: Foul Ball, location: 2F 1-2: Strikes out swinging
|
Batting: SHB Mark Hendree
|
0-0: SINGLE (Groundball, 56D) Ronald McMillan to second
|
Batting: LHB Trent Harper
|
0-0: Called Strike 0-1: Ground out 4-3 (Groundball, 4S)
|
Top of the 8th over - 0 runs, 1 hit, 0 errors, 2 left on base; North Carolina State 1 - South Carolina 17 |
BOTTOM OF THE 8TH |
South Carolina Gamecocks batting - Pitching for North Carolina State Wolfpack : RHP Pat Schwartz
|
Batting: LHB Ed Nelson
|
0-0: Ball 1-0: Foul Ball, location: 2F 1-1: Fly out, F8 (Flyball, 8RS)
|
Batting: LHB Eric Martin
|
0-0: Called Strike 0-1: Swinging Strike 0-2: Ball 1-2: Ball 2-2: Strikes out swinging
|
Batting: RHB Michael Walker
|
0-0: Ball 1-0: Ball 2-0: Called Strike 2-1: Reached on error, E1 (Groundball, P)
|
Batting: RHB Gerardo Gallegos
|
0-0: Called Strike 0-1: Ball 1-1: SINGLE (Line Drive, 6MD) Michael Walker to third Runner from 3rd tries for Home, SAFE, no throw
|
Batting: RHB Reggie Gordon
|
0-0: Ball 1-0: Called Strike 1-1: Ball 2-1: Called Strike 2-2: Ball 3-2: Foul Ball, location: 2F 3-2: Ground out 1-3 (Groundball, P)
|
Bottom of the 8th over - 1 run, 1 hit, 1 error, 1 left on base; North Carolina State 1 - South Carolina 18 |
TOP OF THE 9TH |
North Carolina State Wolfpack batting - Pitching for South Carolina Gamecocks : RHP Ernesto Hernández
|
Batting: LHB Garrett Roberson
|
0-0: Ball 1-0: SINGLE (Groundball, 6MD)
|
Pitching: RHP Jim Pope
|
|
Batting: LHB Steven Gregory
|
0-0: Grounds out, U3 (Groundball, 3L)
|
Pinch Hitting: RHB Joe Davis
|
0-0: Called Strike 0-1: Foul Ball, location: 2F 0-2: Ball 1-2: Foul Ball, location: 2F 1-2: Ball 2-2: Foul Ball, location: 2F 2-2: Ball 3-2: Foul Ball, location: 2F 3-2: Fly out, F8 (Flyball, 8RM)
|
Batting: LHB Ramón Quintanilla
|
0-0: Hit by Pitch
|
Batting: RHB Ronald McMillan
|
0-0: Called Strike 0-1: Swinging Strike 0-2: Ball 1-2: Ball 2-2: Ball 3-2: Base on Balls Garrett Roberson to third Ramón Quintanilla to second
|
Batting: LHB Ryan Cook
|
0-0: Ball 1-0: Foul Ball, location: 2F 1-1: Fly out, F7 (Flyball, 7D)
|
Top of the 9th over - 0 runs, 1 hit, 0 errors, 3 left on base; North Carolina State 1 - South Carolina 18 |
|